 Dungeon Crawl Stone Soup version 0.27.0-1-g7a089689b8 (webtiles) character file.

Game seed: 16027166659070110875

7 theupmachine the Insei (level 2, -1/23 HPs)
             Began as a Gnoll Transmuter on Aug 14, 2021.
             Frozen to death by an endoplasm (4 damage)
             ... on level 1 of the Dungeon.
             The game lasted 00:01:24 (134 turns).

theupmachine the Insei (Gnoll Transmuter)            Turns: 134, Time: 00:01:27

Health: -1/23      AC:  2    Str:  9    XL:     2   Next: 4%
Magic:  5/7        EV: 13    Int: 12    God:
Gold:   9          SH:  0    Dex: 12    Spells: 9/10 levels left

rFire    . . .     SeeInvis .   c - +0 short sword
rCold    . . .     Faith    .   (no shield)
rNeg     . . .     Spirit   .   a - +0 robe
rPois    .         Reflect  .   (helmet currently unavailable)
rElec    .         Harm     .   (no cloak)
rCorr    .         Rampage  .   (no gloves)
Will     .....                  (boots currently unavailable)
Stlth    +.........             (no amulet)
HPRegen  0.07/turn              (no ring)
MPRegen  0.10/turn              (no ring)

@: appendages
A: horns 2, talons 2, fangs 1, strong nose, distributed training
a: End Transformation


You were on level 1 of the Dungeon.
You had temporarily grown beastly horns and talons.
You visited 1 branch of the dungeon, and saw 1 of its levels.

You collected 9 gold pieces.

Inventory:

Hand Weapons
 b - a +0 dagger
 c - a +0 short sword (weapon)
 f - a +0 dagger
 g - a +0 short sword
Missiles
 d - 3 stones
 h - 14 poisoned darts
Armour
 a - a +0 robe (worn)
Scrolls
 e - a scroll of teleportation {unknown}


   Skills:
 + Level 2.4 Fighting
 + Level 0.2 Short Blades
 + Level 0.2 Long Blades
 + Level 0.2 Axes
 + Level 0.2 Maces & Flails
 + Level 0.2 Polearms
 + Level 0.2 Staves
 + Level 0.2 Slings
 + Level 0.2 Bows
 + Level 0.2 Crossbows
 + Level 0.2 Throwing
 + Level 0.2 Armour
 + Level 4.4 Dodging
 + Level 0.2 Stealth
 + Level 0.2 Shields
 + Level 6.4 Unarmed Combat
 + Level 4.9 Spellcasting
 + Level 0.1 Conjurations
 + Level 0.1 Hexes
 + Level 0.1 Summonings
 + Level 0.1 Necromancy
 + Level 0.1 Translocations
 + Level 3.6 Transmutations
 + Level 0.1 Fire Magic
 + Level 0.1 Ice Magic
 + Level 0.1 Air Magic
 + Level 0.1 Earth Magic
 + Level 0.1 Poison Magic
 + Level 0.3 Invocations
 + Level 0.2 Evocations


You had 9 spell levels left.
You knew the following spells:

 Your Spells              Type           Power      Damage    Failure   Level
a - Beastly Appendage     Tmut           22%        N/A       4%          1

Your spell library contained the following spells:

 Spells                   Type           Power      Damage    Failure   Level
 Wereblood                Tmut           11%        N/A       7%          2
 Spider Form              Tmut/Pois      3%         N/A       28%         3
 Ice Form                 Ice/Tmut       7%         N/A       67%         4


Dungeon Overview and Level Annotations

Branches:
Dungeon (1/15)

Altars:


Innate Abilities, Weirdness & Mutations

You have temporarily grown beastly horns and talons.
You have very sharp teeth.
Your uncanny sense of smell can sniff out nearby items.
Your experience applies equally to all skills.


Message History

The goblin shouts!
A ball python comes into view.
The ball python hisses angrily.
A ball python comes into view.
An endoplasm comes into view.
A kobold comes into view. It is wielding a +0 club.
Casting: Beastly Appendage (safe; 4% risk of failure)
Press: ? - help, Q - select action, (/) - cycle Dir - look around, f - activate You grow a pair of large bovine horns.
Your feet morph into talons.
The goblin hits you with a +0 dagger.
* * * LOW HITPOINT WARNING * * *
You hit the goblin.
You kill the goblin!
You hit the ball python. Your headbutt misses the ball python.
Your bite misses the ball python.
The ball python is moderately wounded.
The ball python closely misses you. x2
A hobgoblin comes into view.
You barely miss the ball python. You headbutt the ball python.
You kill the ball python!
The ball python closely misses you. The ball python barely misses you.
You have reached level 2!
You barely miss the ball python. The ball python bites you.
* * * LOW HITPOINT WARNING * * *
The ball python grabs you. The ball python constricts you.
You hit the ball python. Your headbutt misses the ball python.
The ball python is severely wounded.
The ball python bites you.
* * * LOW HITPOINT WARNING * * *
The ball python constricts you.
You barely miss the ball python. You claw the ball python.
You kill the ball python!
You hit the endoplasm.
You bite the endoplasm, but do no damage.
The endoplasm is lightly wounded.
The endoplasm misses you.
The endoplasm jiggles.
The endoplasm freezes you.
You are frozen.
You die...

...#.#.##.#..... ∆
........>...#.#
...............#### ...≈...
#.........##...#..
.K.....####..##.##†......#.#
.≈...≈.#..#.....#.....†..#.###.
.......#..##..........#........
...≈... ..######......#...###..
....... #.##KJ@.......#.....#
.≈...≈.##.##.####.....#...#.#
........S.....# #.....#.....#
###.#......S..# ##.....#..###
#...........# #####.#..####
#######...### #.#.....# ##.##
######.#..##.# .#..#
#.........># # ###.##.#
#......###.#


You could see an endoplasm and a kobold.

Vanquished Creatures
  A giant cockroach (D:1)
  2 goblins (D:1)
  2 ball pythons (D:1)
  3 kobolds (D:1)
8 creatures vanquished.

Notes
Turn   | Place    | Note
-------+----------+-------------------------------------------
     0 | D:1      | theupmachine the Gnoll Transmuter began the quest for the
                  | Orb.
     0 | D:1      | Reached XP level 1. HP: 17/17 MP: 6/6
   131 | D:1      | Reached XP level 2. HP: 7/23 MP: 5/7
   134 | D:1      | Frozen to death by an endoplasm

Illustrated notes

Levels and vault maps discovered:
D:1:      psy_arrival_radial01, layout_basic, kennysheep_crisscross,
          solitary_fountain, wander_ebering_terrifying_dragon_lair

Action                   || total
-------------------------++-------
Melee: Unarmed           ||    18
       Short sword       ||     7
       Bite              ||     3
       Headbutt          ||     1
       Kick              ||     1
 Cast: Beastly Appendage ||     1
Armor: Robe              ||     2
Dodge: Dodged            ||    17
